 Dungeon Crawl Stone Soup version 0.16.2-3-ga078185 (webtiles) character file.

32 gorblad the Sneak (level 3, 0/18 HPs)
             Began as a Spriggan Assassin on Sept 6, 2015.
             Slain by a goblin
             ... wielding a +0 dagger
             ... led by Robin
              (2 damage)
             ... on level 4 of the Dungeon.
             The game lasted 00:04:43 (2228 turns).

gorblad the Sneak (Spriggan Assassin)               Turns: 2228, Time: 00:04:43

Health: 0/18       AC:  3    Str:  7    XL:     3   Next: 8%
Magic:  6/6        EV: 17    Int: 12    God:
Gold:   75         SH:  0    Dex: 18    Spells: 0 memorised, 2 levels left

rFire  . . .     SeeInvis +     a - +2 dagger
rCold  . . .     Clarity  .     c - +0 robe
rNeg   . . .     SustAb   .     (shield restricted)
rPois  .         Gourm    .     (helmet restricted)
rElec  .         Spirit   .     d - +0 cloak
rCorr  +         Warding  .     (gloves unavailable)
rMut   .         Stasis   .     (boots unavailable)
MR     .....                    n - amulet of resist corrosion
Stlth  ++++......               (no ring)
                                (no ring)

@: very quick, not resistant to hostile enchantments, stealthy
A: unfitting armour, see invisible, herbivore 3, speed 3, slow metabolism 2
a: no special abilities


You were on level 4 of the Dungeon.
You were not hungry.

You visited 1 branch of the dungeon, and saw 3 of its levels.

You collected 75 gold pieces.

Inventory:

Hand weapons
 a - a +2 dagger (weapon)
 b - a +0 blowgun
Missiles
 e - 8 poisoned needles
 f - 2 curare-tipped needles
Armour
 c - a +0 robe (worn)
 d - a +0 cloak (worn)
Jewellery
 n - an amulet of resist corrosion (around neck)
Scrolls
 h - 2 scrolls of noise {unknown}
 i - a scroll of fear {unknown}
 j - 2 scrolls of identify {unknown}
 l - a scroll of teleportation {unknown}
 m - a scroll of magic mapping {unknown}
Potions
 k - a potion of restore abilities {unknown}
Comestibles
 g - 2 bread rations


   Skills:
 + Level 1.7 Fighting
 + Level 2.5 Short Blades
 + Level 2.4 Throwing
 + Level 2.0 Dodging
 + Level 6.8 Stealth


You had 2 spell levels left.
You didn't know any spells.

Dungeon Overview and Level Annotations

Branches:
Dungeon (4/15)
 Temple: D:4-7

Altars:
Xom

Annotations:
D:4 Robin


Innate Abilities, Weirdness & Mutations

You are tiny and cannot use many weapons and most armour.
You have supernaturally acute eyesight.
You are a herbivore.
You cover ground extremely quickly.
You need consume almost no food.


Message History

The goblin barely misses you.
Items here: )) †† a club; a dagger; a goblin corpse; a goblin corpse You barely miss the goblin.
The goblin misses you. The goblin hits you but does no damage.
The goblin barely misses you.
You barely miss the goblin. The goblin misses you. The goblin hits you.
The goblin hits you with an uncursed dagger.
* * * LOW HITPOINT WARNING * * *
You are too injured to fight recklessly!
There are monsters nearby!
There are monsters nearby!
The goblin hits you with a dagger.
* * * LOW HITPOINT WARNING * * *
You are too injured to fight recklessly!
You are too injured to fight recklessly!
You are too injured to fight recklessly!
You are too injured to fight recklessly!
You are too injured to fight recklessly!
You hit the goblin but do no damage. The goblin hits you with a dagger.
You die...

..........(..........#
......(.............#
...................#
........%...........#
...........(.......#
..........(..gg..(##
..!........gggg.##
..####...####g### #
#....$.@## #.#######
.# #.


You could see 4 goblins.

Vanquished Creatures
  A worm (D:2)
  2 giant geckos (D:1)
  A ball python (D:1)
  A bat skeleton (D:4)
  5 hobgoblins
  2 bats
  A giant cockroach (D:1)
  A giant newt (D:1)
  7 goblins
  A kobold (D:2)
22 creatures vanquished.

Notes
Turn   | Place    | Note
--------------------------------------------------------------
     0 | D:1      | gorblad, the Spriggan Assassin, began the quest for the Orb.
     0 | D:1      | Reached XP level 1. HP: 10/10 MP: 2/2
   187 | D:1      | Reached skill level 6 in Stealth
   914 | D:1      | Reached XP level 2. HP: 14/14 MP: 4/4
  2174 | D:2      | Found a shimmering altar of Xom.
  2174 | D:2      | Found a shimmering altar of Xom.
  2174 | D:2      | Found a shimmering altar of Xom.
  2174 | D:2      | Found a shimmering altar of Xom.
  2175 | D:2      | Found a shimmering altar of Xom.
  2176 | D:2      | Found a shimmering altar of Xom.
  2185 | D:2      | Found a shimmering altar of Xom.
  2190 | D:2      | You fall through a shaft for 2 floors!
  2190 | D:4      | Noticed Robin
  2194 | D:4      | Reached XP level 3. HP: 15/18 MP: 6/6
  2228 | D:4      | Slain by a goblin

Action                   || total
-------------------------++-------
Melee: Dagger            ||    86
 Stab: Sleeping          ||     5
